 Dungeon Crawl Stone Soup version 0.18.1-50-g88ac8fd (webtiles) character file.

711 KarmaPolice the Insei (level 8, -17/63 HPs)
             Began as a Human Monk on Oct 5, 2016.
             Was a Believer of Fedhas.
             Demolished by an orc warrior
             ... wielding a +0 glaive
              (26 damage)
             ... on level 5 of the Dungeon.
             The game lasted 00:28:06 (4662 turns).

KarmaPolice the Insei (Human Monk)                  Turns: 4662, Time: 00:28:10

Health: -17/63     AC:  5    Str: 13    XL:     8   Next: 0%
Magic:  8/8        EV: 17    Int: 16    God:    Fedhas [**....]
Gold:   159        SH:  0    Dex: 21    Spells: 0 memorised, 7 levels left

rFire  . . .     SeeInvis .     H - +2 trident (pierce)
rCold  . . .     Gourm    .     a - +0 robe
rNeg   . . .     Faith    .     (no shield)
rPois  .         Spirit   .     z - +1 helmet
rElec  .         Dismiss  .     (no cloak)
rCorr  .         Reflect  .     g - +0 pair of gloves
SustAt .         Harm     .     (no boots)
MR     .....                    (no amulet)
Stlth  +++.......               (no ring)
                                f - +5 ring of dexterity

@: brilliant, slowed, very slow, not resistant to hostile enchantments, fairly
stealthy
A: no striking features
a: Evolution, Sunlight, Renounce Religion


You were on level 5 of the Dungeon.
You worshipped Fedhas.
Fedhas was pleased with you.
You were not hungry.

You visited 1 branch of the dungeon, and saw 5 of its levels.

You collected 159 gold pieces.

Inventory:

Hand Weapons
 d - a +0 dagger
 h - a +0 whip
 i - a +0 club
 j - a +0 hand axe
 m - a +0 whip
 n - a cursed -2 club
 o - a +0 hunting sling
 p - a +0 dagger
 r - a +0 dagger
 t - a +0 falchion
 v - a +1 quarterstaff
 w - a +0 club
 x - a +0 dagger
 F - a +0 short sword
 H - a +2 trident of piercing (weapon)
 K - a +0 flail
 M - a +3 hand axe
Armour
 a - a +0 robe (worn)
 g - a +0 pair of gloves (worn)
 k - a +0 helmet
 l - a +0 robe
 y - a +0 animal skin
 z - a +1 helmet (worn)
 E - a +0 robe
 J - a +0 leather armour
 L - a +0 robe
 N - a +0 pair of gloves
 O - a +0 pair of gloves
Jewellery
 f - a +5 ring of dexterity (left hand)
 D - a +3 ring of slaying {unknown}
Scrolls
 q - a scroll of enchant armour {unknown}
 A - 2 scrolls of remove curse
Potions
 e - a potion of heal wounds {unknown}
 s - 2 potions of cancellation {unknown}
 u - a potion of brilliance
 B - a potion of flight {unknown}
 G - a potion of resistance {unknown}
 I - a potion of curing {unknown}
Comestibles
 b - a bread ration
 c - a beef jerky
 C - a meat ration


   Skills:
 * Level 5.4 Fighting
 * Level 1.4 Polearms
 * Level 5.4 Dodging
 + Level 2.7 Stealth
 + Level 6.0 Unarmed Combat


You had 7 spell levels left.
You didn't know any spells.

Dungeon Overview and Level Annotations

Branches:
Dungeon (5/15)
 Temple: D:4-7

Altars:
Fedhas
Xom
Zin

Annotations:
D:5 Eustachio


Message History

The jackal misses you. The white imp completely misses you.
The orc wizard gestures wildly while chanting.
The orc wizard blinks!
The jackal barely misses you. The bat closely misses you.
The orc warrior completely misses you. The orc completely misses you.
The white imp completely misses you.
An orc wizard comes into view. It is wielding an enchanted dagger.
It was a potion of brilliance.
You feel clever all of a sudden. The bat hits you but does no damage.
The orc wizard points at you and mumbles some strange words.
You feel yourself slow down. The jackal misses you.
The orc wizard mumbles some strange words.
The orc wizard flickers and vanishes!
Deactivating autopickup; reactivate with Ctrl-A.
The orc wizard hits you with a dagger.
* * * LOW HITPOINT WARNING * * *
The bat barely misses you. The orc hits you but does no damage.
The orc warrior hits you from afar with a glaive!!
You die...
Fedhas appreciates your contribution to the ecosystem.

.. .#
).#######.
#.........
#....{....
#.........
#.oo.....o
#5h# #b@#
#.oo#
#(#@r
#.#..#
#..... !
.###. . #
. .


You could see Eustachio, an orc warrior, 2 orc wizards, a white imp, an orc, a
jackal, a bat and a rat.

Vanquished Creatures
  3 ogres (D:4)
  A jelly (D:4)
  2 orc wizards
  3 iguanas
  3 worker ants
  Robin (D:2)
  10 adders
  2 oozes
  An adder skeleton (D:4)
  5 worms
  A dart slug (D:2)
  6 giant geckos
  5 orcs
  5 giant cockroaches
  7 hobgoblins
  2 jackals (D:3)
  A quokka (D:3)
  3 ball pythons
  12 bats
  2 giant newts
  14 goblins
  4 kobolds
  11 rats
  2 fungi (D:3)
  A plant (D:3)
107 creatures vanquished.

Vanquished Creatures (others)
  2 toadstools (D:3)
2 creatures vanquished.

Grand Total: 109 creatures vanquished

Notes
Turn   | Place    | Note
--------------------------------------------------------------
     0 | D:1      | KarmaPolice the Human Monk began the quest for the Orb.
     0 | D:1      | Reached XP level 1. HP: 18/18 MP: 1/1
   218 | D:1      | Reached XP level 2. HP: 21/24 MP: 2/2
   629 | D:1      | Reached XP level 3. HP: 26/29 MP: 3/3
  1119 | D:2      | Noticed Robin
  1144 | D:2      | Killed Robin
  1144 | D:2      | Reached XP level 4. HP: 26/37 MP: 4/4
  1601 | D:2      | Reached XP level 5. HP: 42/42 MP: 5/5
  1942 | D:3      | Reached skill level 5 in Unarmed Combat
  2858 | D:3      | Reached XP level 6. HP: 28/48 MP: 6/6
  2930 | D:3      | Found a blossoming altar of Fedhas.
  2992 | D:3      | Paralysed by fainting for 12 turns
  3036 | D:3      | Paralysed by fainting for 11 turns
  3105 | D:3      | Became a worshipper of Fedhas Madash
  3105 | D:3      | Reached * piety under Fedhas
  3105 | D:3      | Reached ** piety under Fedhas
  3739 | D:4      | Noticed an ogre
  3820 | D:4      | Killed an ogre
  3850 | D:4      | Reached XP level 7. HP: 18/55 MP: 7/7
  4337 | D:4      | Found a glowing silver altar of Zin.
  4404 | D:4      | Reached skill level 5 in Fighting
  4404 | D:4      | Reached skill level 1 in Polearms
  4404 | D:4      | Reached skill level 5 in Dodging
  4491 | D:4      | Found a shimmering altar of Xom.
  4491 | D:4      | Noticed an angel
  4535 | D:4      | Reached skill level 6 in Unarmed Combat
  4643 | D:5      | Entered Level 5 of the Dungeon
  4643 | D:5      | Noticed Eustachio
  4656 | D:5      | Reached XP level 8. HP: 56/63 MP: 8/8
  4662 | D:5      | Demolished by an orc warrior

Skill      XL: |  1  2  3  4  5  6  7 |
---------------+----------------------+-----
Fighting       | 4 5 |  5.4
Unarmed Combat | 5 6 |  6.0
Dodging        | 4 5 |  5.4
Polearms       | 1 |  1.4
Stealth        | |  2.7

Action                   |  1- 3 |  4- 6 |  7- 9 || total
-------------------------+-------+-------+-------++-------
Melee: Unarmed           |   111 |   392 |    20 ||   523
       Punch             |     3 |    21 |     1 ||    25
       Trident           |       |       |    47 ||    47
  Use: Scroll            |       |     6 |       ||     6
       Potion            |       |       |     1 ||     1
 Stab: Sleeping          |     3 |     4 |     1 ||     8
  Eat: Bread ration      |       |     3 |       ||     3
Armor: Robe              |    31 |    69 |    20 ||   120
Dodge: Dodged            |    87 |   187 |   101 ||   375
